AoeStats
← Mirk

Nomad

508267673Analyzed
4v4 RM · 11d ago on Sep 21, 2026· 37m 33s· 8 players
Game mode
Random Map
Map size
231×231
Population
200
Speed
Normal
Resources
Standard
Victory
Conquest
Starting age
Dark Age
Ending age
Imperial Age
RankedLock teamsTeams togetherTeam positionsShared explorationLock speedFull tech treeHidden civsTurbo modeCheats
Victory
Defeat
🇩🇪 Khmer · Germany
1246
+12
🇩🇪 Vietnamese · Germany
1117
+17
🇩🇪 Koreans · Germany
1097
+18
🇩🇪 Persians · Germany
1081
+18
🇬🇧 Goths · United Kingdom
1160
-17
🇭🇺 Poles · Hungary
1139
-16
🇬🇧 Britons · United Kingdom
1129
-16
🇺🇸 Persians · United States
1124
-16
lady_schmady
5:48 Loom
16:07 Feudal Age
21:50 Castle Age
20:00 Double-Bit Axe
30:07 Scale Barding Armor
33:36 Elite Skirmisher
34:18 Padded Archer Armor
Farrix
8:23 Loom
14:49 Feudal Age
20:18 Castle Age
19:17 Fletching
19:59 Padded Archer Armor
20:05 Double-Bit Axe
21:23 Bow Saw
26:18 Crossbowman
29:17 Ballistics
29:52 Bodkin Arrow
BIGBALZIE
3:12 Loom
13:11 Feudal Age
19:25 Castle Age
17:25 Stone Mining
17:22 Double-Bit Axe
19:22 Fletching
21:29 Wheelbarrow
30:54 Pikeman
Mirk
16:24 Feudal Age
16:58 Double-Bit Axe
22:52 Castle Age
21:38 Horse Collar
21:52 Stone Mining
24:35 Heavy Plow
27:15 Bow Saw
29:03 Bloodlines
29:35 Szlachta Privileges
31:31 Scale Barding Armor
33:06 Chain Barding Armor
33:55 Forging
Ruben
5:22 Loom
15:28 Feudal Age
16:19 Double-Bit Axe
17:45 Fishing Lines
21:54 Castle Age
22:21 Scale Barding Armor
22:27 Bloodlines
22:34 Husbandry
23:09 Medium Warships
22:50 Gillnets
23:00 Gold Mining
24:38 Bow Saw
24:12 Horse Collar
24:42 Fletching
30:18 Wheelbarrow
30:07 Heavy Plow
33:49 Kamandaran
34:28 Chain Barding Armor
35:11 Hand Cart
34:37 Crossbowman
35:19 Padded Archer Armor
35:19 Bodkin Arrow
36:33 Town Watch
38:07 Gold Shaft Mining
37:23 Stone Mining
40:24 Imperial Age
38:13 Forging
Capo
5:19 Loom
16:03 Feudal Age
19:58 Castle Age
18:43 Double-Bit Axe
18:41 Horse Collar
21:55 Bow Saw
22:48 Wheelbarrow
24:36 Heavy Plow
29:33 Gold Mining
33:10 Imperial Age
31:40 Hand Cart
31:11 Town Watch
35:10 Conscription
34:58 Double Crossbow
35:38 Elite Ballista Elephant
37:45 Ballistics
Onkel Olli
4:42 Loom
13:46 Feudal Age
14:21 Double-Bit Axe
16:30 Fletching
16:40 Gold Mining
19:25 Horse Collar
22:20 Wheelbarrow
24:38 Castle Age
25:48 Bow Saw
25:36 Crossbowman
26:46 Stone Mining
29:32 Bodkin Arrow
29:37 Padded Archer Armor
29:53 Heavy Plow
33:11 Imperial Age
32:59 Hand Cart
33:12 Ballistics
34:54 Chemistry
33:33 Arbalester
37:29 Thumb Ring
dtoan
4:49 Loom
13:43 Feudal Age
15:00 Double-Bit Axe
16:06 Fishing Lines
22:45 Castle Age
22:48 Gold Mining
23:47 Fletching
Connection lost

Rejoining the realm…

Still unreachable

The connection could not be restored.

Session expired

The server has moved on; the page needs a fresh start.